AoeStats
← LM | TornardoBriese

Arabia

504279276Analyzed
1v1 RM · 28d ago on Sep 4, 2026· 23m 57s· 2 players
Game mode
Random Map
Map size
Tiny (2 player)
Population
200
Speed
Normal
Resources
Standard
Victory
Conquest
Starting age
Dark Age
Ending age
Imperial Age
RankedLock teamsTeams togetherTeam positionsShared explorationLock speedFull tech treeHidden civsTurbo modeCheats
Victory
Defeat
🇨🇱 Malians · Chile
1203
+16
🇨🇭 Ethiopians · Switzerland
1205
-16
[AP] Boromir
7:18 Loom
9:58 Feudal Age
10:48 Man-at-Arms
13:57 Fletching
16:47 Padded Archer Armor
18:18 Double-Bit Axe
23:51 Castle Age
22:55 Scale Barding Armor
22:54 Gold Mining
23:29 Forging
23:32 Horse Collar
LM | TornardoBriese
3:24 Loom
10:21 Feudal Age
10:54 Double-Bit Axe
16:46 Fletching
18:42 Padded Archer Armor
Connection lost

Rejoining the realm…

Still unreachable

The connection could not be restored.

Session expired

The server has moved on; the page needs a fresh start.